 Dungeon Crawl Stone Soup version 0.29-a0-219-g0a02b1cf4f (webtiles) character file.

Game seed: 15491986265948244491

264 arthad the Ducker (level 6, 0/39 HPs)
             Began as an Octopode Wanderer on Feb 26, 2022.
             Succumbed to an adder's poison
             ... on level 3 of the Dungeon.
             The game lasted 00:09:27 (1807 turns).

arthad the Ducker (Octopode Wanderer)               Turns: 1807, Time: 00:09:28

Health: 0/39       AC:  1    Str: 10    XL:     6   Next: 19%
Magic:  5/10       EV: 18    Int: 14    God:
Gold:   108        SH:  0    Dex: 15    Spells: 6/10 levels left

rFire   . . .      SeeInvis .   j - +0 hunting sling (flame)
rCold   . . .      Faith    .   (no shield)
rNeg    . . .      Spirit   .   b - +0 hat
rPois   .          Reflect  .   (no amulet)
rElec   .          Harm     .   f - +4 ring of evasion
rCorr   .          Rampage  .   o - ring of flight
Will    .....                   (no ring)
Stlth   +++.......              (no ring)
HPRegen 0.13/turn               (no ring)
MPRegen 0.12/turn               (no ring)
                                (no ring)
                                (no ring)

@: mighty, brilliant, lethally poisoned (0 -> -7), flying, very slightly
contaminated
A: almost no armour, amphibious, 8 rings, camouflage 1, gelatinous body 1,
(nimble swimmer 1), tentacles
a: no special abilities


You were on level 3 of the Dungeon.
You visited 1 branch of the dungeon, and saw 3 of its levels.

You collected 108 gold pieces.

Inventory:

Hand Weapons
 a - a +2 hunting sling
 g - a +0 scythe
 j - a +0 hunting sling of flaming (weapon)
 m - a +0 war axe
Missiles
 c - 165 stones
 d - 9 poisoned darts
Armour
 b - a +0 hat (worn)
Jewellery
 f - a +4 ring of evasion (left tentacle)
 o - a ring of flight (right tentacle)
Scrolls
 e - 2 scrolls of identify
 h - a scroll of teleportation
 l - a scroll of fog {unknown}
Potions
 k - a potion of brilliance


   Skills:
 + Level 2.0 Fighting
 * Level 3.5 Slings
 + Level 3.7 Dodging
 + Level 2.9 Stealth
 + Level 2.7 Spellcasting
 + Level 2.7 Hexes
 * Level 1.6 Summonings


You had 6 spell levels left.
You knew the following spells:

 Your Spells              Type           Power      Damage    Failure   Level
a - Slow                  Hex            56%        N/A       7%          1
b - Summon Guardian Gole  Hex/Summ       12%        N/A       26%         3

Your spell library contained the following spells:

 Spells                   Type           Power      Damage    Failure   Level
 Fireball                 Conj/Fire      1%         3d3       99%         5
 Iskenderun's Battlesphe  Conj           2%         2d6       99%         5
 Conjure Ball Lightning   Conj/Air       1%         3x3d6     100%        6
 Orb of Destruction       Conj           1%         9d5       100%        7


Dungeon Overview and Level Annotations

Branches:
Dungeon (3/15)

Altars:


Innate Abilities, Weirdness & Mutations

You cannot wear most types of armour.
You are amphibious.
You can wear up to eight rings at the same time.
Your skin changes colour to match your surroundings (Stealth+).
Your rubbery body absorbs attacks. (AC +1, EV +1)
((You are camouflaged when in or above water. (Stealth+)))
You have tentacles for arms and can constrict up to eight enemies at once.


Message History

The spell is quite dangerous to miscast (26% risk of failure)!
Continue anyway?
You miscast Summon Guardian Golem.
You are very lightly contaminated with residual magic.
Nothing appears to happen.
The adder closely misses you. The orc misses you. The adder barely misses you.
Casting: Summon Guardian Golem (quite dangerous; 26% risk of failure)
Confirm with . or Enter, or press ? or * to list all spells.
The spell is quite dangerous to miscast (26% risk of failure)!
Continue anyway?
You miscast Summon Guardian Golem.
You hear an indistinct dissonance whispering inside your mind.
You feel yourself slow down. The orc closely misses you.
The adder bites you but does no damage. The orc hits you with a +0 club.
The adder bites you.
You are poisoned.
The adder poisons you!
You feel sick. The adder closely misses you.
It was a potion of brilliance.
You feel clever all of a sudden.
You feel sick. The adder bites you.
* * * LOW HITPOINT WARNING * * *
You are more poisoned.
The adder poisons you! The adder barely misses you.
Casting: Summon Guardian Golem (quite dangerous; 26% risk of failure)
Confirm with . or Enter, or press ? or * to list all spells.
Okay, then.
It was a potion of might.
You feel very mighty all of a sudden.
You feel sick. The adder bites you.
* * * LOW HITPOINT WARNING * * *
You are more poisoned.
The adder poisons you! The orc barely misses you.
The adder completely misses you.
* * * LOW HITPOINT WARNING * * *
You feel very sick. The orc closely misses you.
As you read the scroll of fear, it crumbles to dust.
You assume a fearsome visage.
The adder looks frightened!
The orc looks frightened! x3
You feel yourself speed up.
You die...

#..###....#
####...######.#.
#.........###
#.............
##.##.......##
#..).....)..#
#.###....#...##.........#.#
#.###.................###
#.#......###.o.##.##.##
......#....####..#...#..#
..#.###.##.##.oSo#...#....
#.# #.# ..#@####..[##.#..
#.# #.# #...# ##+#. ⌠....!
#.##....# ...#....
#.##.#### ..### #. #.##.
..## .#. # .


You could see an adder (fleeing) and 3 orcs.

Vanquished Creatures
  Sigmund (D:2)
  An orc priest (D:3)
  A jelly (D:2)
  A worm (D:2)
  A dart slug (D:2)
  3 ball pythons
  3 endoplasms (D:2)
  A giant cockroach (D:1)
  7 goblins
  4 hobgoblins
  8 kobolds
  A quokka (D:2)
  5 bats
  5 frilled lizards
  5 rats
47 creatures vanquished.

Notes
Turn   | Place    | Note
-------+----------+-------------------------------------------
     0 | D:1      | arthad the Octopode Wanderer began the quest for the Orb.
     0 | D:1      | arthad set off with the following items: a +2 hunting
                  | sling, a +0 hat; and the following spell memorised: Slow;
                  | and the following spells available to memorise: Summon
                  | Guardian Golem
     0 | D:1      | Reached XP level 1. HP: 13/13 MP: 3/3
   165 | D:1      | Reached XP level 2. HP: 18/18 MP: 5/5
   497 | D:1      | Reached skill level 1 in Stealth
   803 | D:2      | Reached XP level 3. HP: 23/23 MP: 6/6
   872 | D:2      | Noticed Sigmund
   895 | D:2      | Killed Sigmund
   896 | D:2      | Reached skill level 1 in Summonings
   896 | D:2      | Reached XP level 4. HP: 20/29 MP: 7/7
   896 | D:2      | Reached XP level 5. HP: 24/34 MP: 8/8
  1522 | D:2      | Reached XP level 6. HP: 39/39 MP: 9/9
  1763 | D:3      | Learned a level 3 spell: Summon Guardian Golem
  1806 | D:3      | HP: 1/39 [poisoned by an adder]
  1807 | D:3      | Succumbed to an adder's poison

Illustrated notes

Levels and vault maps discovered:
D:1:      minmay_arrival_shattered_statue, layout_basic
D:2:      layout_basic, uniq_sigmund
D:3:      layout_rooms, evilmike_ruin_ashenzari,
          hellmonk_ecumenical_altar_leap_of_faith,
          chequers_serial_rivers_micro_d

Skill      XL: |  1  2  3  4  5 |
---------------+----------------+-----
Stealth        | 1 2 |  2.9
Slings         | 3 |  3.5
Summonings     | 1 |  1.6
Fighting       | 2 |  2.0
Dodging        | |  3.7
Spellcasting   | |  2.7
Hexes          | |  2.7

Action                   |  1- 3 |  4- 6 || total
-------------------------+-------+-------++-------
 Fire: Hunting sling     |    72 |    75 ||   147
 Cast: Slow              |     5 |       ||     5
       Summon Guardian G |       |     1 ||     1
  Use: Potion            |     2 |     2 ||     4
       Scroll            |       |     4 ||     4
Armor: Skin              |     8 |     4 ||    12
Dodge: Dodged            |    10 |    66 ||    76

Table legend: (Time is in decaauts)
 A = Elapsed time spent in this place.
 B = Non-inter-level travel time spent in this place.
 C = Inter-level travel time spent in this place.
 D = Time resting spent in this place.
 E = Time spent auto-exploring this place.
 F = Levels seen in this place.
 G = Mean time per level.
                   A        B        C        D        E       F      G
               +--------+--------+--------+--------+--------+-----+--------+
         Total |   1860 |   1807 |     53 |    426 |   1028 |   3 |  620.0 |
       Dungeon |   1860 |   1807 |     53 |    426 |   1028 |   3 |  620.0 |
               +--------+--------+--------+--------+--------+-----+--------+

Top non-repeatable levels by time:
     D:2: 895 daAuts
     D:1: 809 daAuts
     D:3: 155 daAuts
